 Dungeon Crawl Stone Soup version 0.31-a0-1549-g5ff9445e89 (webtiles) character file.

Game seed: 2696403392281336541

2717629 Implojin the Acrobat (level 27, 171/171 HPs)
             Began as a Kobold Artificer on Jan 3, 2024.
             Was an Elder of Hepliaklqana.
             Escaped with the Orb
             ... and 5 runes
             ... and 1 gem (intact)!
             The game lasted 03:19:31 (92341 turns).

Implojin the Acrobat (Kobold Artificer)            Turns: 92341, Time: 03:19:32

Health: 171/171    AC: 45    Str: 25    XL:     27
Magic:  38/39      EV: 39    Int: 15    God:    Hepliaklqana [****..]
Gold:   3035       SH: 19    Dex: 35    Spells: 23/26 levels left

rFire   + + .        G - +9 rapier (elec)
rCold   + . .        K - +0 kite shield {reflect}
rNeg    . . .        P - +8 plate armour of Fun and Games {rElec rF+ Stlth+}
rPois   .            Z - +2 helmet
rElec   +            U - +2 cloak of the Valley of Death {-Cast Will+ Dex+2}
rCorr   .            c - +2 pair of gloves {infuse}
SInv    .            w - +2 pair of boots {rampage}
Will    ++++.        O - amulet "Edwuty Lass" {Spirit +Inv rC+ Regen+ Str+3}
Stlth   +++          q - ring "Keshrur" {Will+ MP+9 Str+2 Slay+2 Stlth+}
HPRegen 1.28/turn    d - ring of the Invisible Hand {rF+ Str+5 Int+4 Dex+6}
MPRegen 0.26/turn

%: no spellcasting, reflection, guardian spirit, rampage, infuse magic (1 MP)
@: studying Invocations
A: reduced essence, small, no large weapons, nightstalker 3, robust 1, strong 1,
MP-powered wands
0: Orb of Zot
}: 5/15 runes: barnacled, slimy, silver, abyssal, gossamer
a: Renounce Religion, Evoke Invisibility, Recall Ancestor, Ancestor Identity,
Transference, Idealise


You escaped.
You worshipped Hepliaklqana.
Hepliaklqana was greatly pleased with you.
You visited 11 branches of the dungeon, and saw 53 of its levels.
You visited the Abyss 4 times.
You also visited: Trove, Bailey, Gauntlet, Ice Cave and Wizlab.

You collected 7859 gold pieces.
You spent 4824 gold pieces at shops.

Inventory:

Hand Weapons
 G - a +9 rapier of electrocution (weapon)
Missiles
 b - 43 boomerangs (quivered)
 f - 2 throwing nets
 n - 7 curare-tipped darts
Armour
 c - a +2 pair of gloves of infusion (worn)
 v - a scarf of repulsion
 w - a +2 pair of boots of rampaging (worn)
 z - the +5 ice dragon scales "Amaiv" {rF- rC++ Slay+5}
   (You found it on level 3 of the Elven Halls)

   Slay+5:    It affects your accuracy & damage with ranged weapons and melee
   (+5).
   rF-:       It makes you vulnerable to fire.
   rC++:      It greatly protects you from cold.
 K - a +0 kite shield of reflection (worn)
 P - the +8 plate armour of Fun and Games (worn) {rElec rF+ Stlth+}
   (You found it on level 3 of the Elven Halls)

   rF+:       It protects you from fire.
   rElec:     It insulates you from electricity.
   Stlth+:    It makes you more stealthy.
 T - +4 fire dragon scales {Xtahua}
 U - the +2 cloak of the Valley of Death (worn) {-Cast Will+ Dex+2}
   (You found it on level 3 of the Elven Halls)

   Dex+2:     It affects your dexterity (+2).
   Will+:     It increases your willpower.
   -Cast:     It prevents spellcasting.
 Z - a +2 helmet (worn)
Jewellery
 d - the ring of the Invisible Hand (right hand) {rF+ Str+5 Int+4 Dex+6}
   (You found it in a treasure trove)

   [ring of dexterity]

   Str+5:     It affects your strength (+5).
   Int+4:     It affects your intelligence (+4).
   Dex+6:     It affects your dexterity (+6).
   rF+:       It protects you from fire.
 m - a ring of flight
 p - the ring of Wegg {Wiz Str+3 SInv}
   (You found it in a Gauntlet)

   [ring of wizardry]

   Wiz:       It improves your spell success rate.
   Str+3:     It affects your strength (+3).
   SInv:      It lets you see invisible.
 q - the ring "Keshrur" (left hand) {Will+ MP+9 Str+2 Slay+2 Stlth+}
   (You bought it in a shop on level 2 of the Orcish Mines)

   [ring of magical power]

   Str+2:     It affects your strength (+2).
   Slay+2:    It affects your accuracy & damage with ranged weapons and melee
   (+2).
   Will+:     It increases your willpower.
   MP+9:      It affects your magic capacity (+9).
   Stlth+:    It makes you more stealthy.
 D - a ring of willpower
 F - a ring of poison resistance
 J - a ring of resist corrosion
 M - the amulet of Araokoma {Spirit rPois rF++}
   (You acquired it on level 2 of the Spider Nest)

   [amulet of guardian spirit]

   Spirit:    It causes incoming damage to be divided between your reserves of
   health and magic.
   rF++:      It greatly protects you from fire.
   rPois:     It protects you from poison
 O - the amulet "Edwuty Lass" (around neck) {Spirit +Inv rC+ Regen+ Str+3}
   (You acquired it on level 3 of the Lair of Beasts)

   [amulet of guardian spirit]

   Spirit:    It causes incoming damage to be divided between your reserves of
   health and magic.
   Str+3:     It affects your strength (+3).
   rC+:       It protects you from cold.
   +Inv:      It lets you turn invisible.
   Regen+:    It increases your rate of health regeneration.
Wands
 e - a wand of iceblast (41)
 A - a wand of light (8)
 B - a wand of mindburst (12)
 V - a wand of charming (62)
Scrolls
 g - 11 scrolls of blinking
 i - 19 scrolls of fog
 l - a scroll of enchant armour
 r - a scroll of silence
 s - 6 scrolls of teleportation
 t - 4 scrolls of revelation
 H - 8 scrolls of fear
 Q - a scroll of butterflies
 W - 2 scrolls of enchant weapon
 X - a scroll of brand weapon
 Y - 9 scrolls of vulnerability
Potions
 h - 9 potions of enlightenment
 j - 3 potions of might
 k - 7 potions of resistance
 o - 11 potions of curing
 u - 4 potions of invisibility
 x - 17 potions of ambrosia
 C - 11 potions of mutation
 I - 7 potions of heal wounds
 R - 3 potions of haste
 S - a potion of cancellation
Miscellaneous
 a - a box of beasts
 y - a phantom mirror
 L - a phial of floods


   Skills:
 - Level 17.0 Fighting
 - Level 18.0 Short Blades
 - Level 25.0 Armour
 * Level 26.1 Dodging
 - Level 20.0 Stealth
 - Level 17.7 Shields
 - Level 10.0 Earth Magic
 - Level 10.0 Invocations
 - Level 10.0 Evocations


You had 23 spell levels left.
You knew the following spells:

 Your Spells              Type           Power      Damage    Failure   Level
a - Passwall              Erth           30%        N/A       7%          3

Your spell library contained the following spells:

 Spells                   Type           Power      Damage    Failure   Level
 Sandblast                Erth           60%        2d14      2%          1
 Stone Arrow              Conj/Erth      30%        3d8       45%         3
 Lee's Rapid Deconstruct  Erth           15%        3d10*     52%         5
 Apportation              Tloc           0%         N/A       80%         1
 Kiss of Death            Conj/Necr      0%         2d5       80%         1
 Magic Dart               Conj           0%         1d3       80%         1
 Necrotise                Necr           0%         1d4       80%         1
 Shock                    Conj/Air       0%         1d3       80%         1
 Slow                     Hex            0%         N/A       80%         1
 Sting                    Conj/Alch      0%         1d3       80%         1
 Summon Small Mammal      Summ           0%         N/A       80%         1
 Animate Armour           Summ/Erth      30%        N/A       86%         4
 Brom's Barrelling Bould  Conj/Erth      15%        2d4       86%         4
 Leda's Liquefaction      Alch/Erth      7%         N/A       86%         4
 Petrify                  Alch/Erth      15%        N/A       86%         4
 Blink                    Tloc           0%         N/A       90%         2
 Call Imp                 Summ           0%         N/A       90%         2
 Cigotuvi's Dreadful Rot  Necr/Alch/Air  0%         N/A       90%         2
 Ensorcelled Hibernation  Hex/Ice        0%         N/A       90%         2
 Lesser Beckoning         Tloc           0%         N/A       90%         2
 Mercury Vapours          Alch/Air       0%         N/A       90%         2
 Momentum Strike          Conj/Tloc      0%         3d8       90%         2
 Searing Ray              Conj           0%         2d4       90%         2
 Static Discharge         Conj/Air       0%         3-3/arc   90%         2
 Sublimation of Blood     Necr           0%         N/A       90%         2
 Call Canine Familiar     Summ           0%         N/A       99%         3
 Confusing Touch          Hex            0%         N/A       99%         3
 Dazzling Flash           Conj/Hex       0%         N/A       99%         3
 Frozen Ramparts          Ice            0%         1d1       99%         3
 Fugue of the Fallen      Necr           0%         N/A       99%         3
 Hailstorm                Conj/Ice       0%         3d5       99%         3
 Inner Flame              Hex/Fire       0%         N/A       99%         3
 Mephitic Cloud           Conj/Alch/Air  0%         N/A       99%         3
 Ozocubu's Armour         Ice            0%         N/A       99%         3
 Sigil of Binding         Hex            0%         N/A       99%         3
 Summon Ice Beast         Ice/Summ       0%         N/A       99%         3
 Swiftness                Air            0%         N/A       99%         3
 Tukima's Dance           Hex            0%         N/A       99%         3
 Vampiric Draining        Necr           0%         2d6       99%         3
 Volatile Blastmotes      Fire/Tloc      0%         2d10      99%         3
 Borgnjor's Vile Clutch   Necr/Erth      7%         N/A       99%         5
 Airstrike                Air            0%         2d(0-16)  100%        4
 Anguish                  Hex/Necr       0%         N/A       100%        4
 Animate Dead             Necr           0%         N/A       100%        4
 Cause Fear               Hex            0%         N/A       100%        4
 Dimensional Bullseye     Hex/Tloc       0%         N/A       100%        4
 Dispel Undead            Necr           0%         3d6       100%        4
 Flame Wave               Conj/Fire      0%         2d4       100%        4
 Fulminant Prism          Conj/Alch      0%         3d5       100%        4
 Iskenderun's Mystic Bla  Conj/Tloc      0%         2d3       100%        4
 Manifold Assault         Tloc           0%         N/A       100%        4
 Martyr's Knell           Necr/Summ      0%         N/A       100%        4
 Olgreb's Toxic Radiance  Alch           0%         N/A       100%        4
 Sticky Flame             Fire/Alch      0%         2d4       100%        4
 Summon Blazeheart Golem  Fire/Summ      0%         N/A       100%        4
 Summon Lightning Spire   Summ/Air       0%         N/A       100%        4
 Vhi's Electric Charge    Tloc/Air       0%         N/A       100%        4
 Alistair's Intoxication  Alch           0%         N/A       100%        5
 Arcjolt                  Conj/Air       0%         1d10      100%        5
 Curse of Agony           Necr           0%         N/A       100%        5
 Fireball                 Conj/Fire      0%         3d3       100%        5
 Freezing Cloud           Conj/Ice/Air   0%         6-21      100%        5
 Irradiate                Conj/Alch      0%         3d11      100%        5
 Iskenderun's Battlesphe  Conj           0%         2d6       100%        5
 Metabolic Englaciation   Hex/Ice        0%         N/A       100%        5
 Summon Forest            Summ/Tloc      0%         N/A       100%        5
 Summon Mana Viper        Hex/Summ       0%         N/A       100%        5
 Bombard                  Conj/Erth      7%         9d2       100%        6
 Conjure Ball Lightning   Conj/Air       0%         3x3d6     100%        6
 Eringya's Noxious Bog    Alch           0%         4d6       100%        6
 Plasma Beam              Fire/Air       0%         2x1d10    100%        6
 Sculpt Simulacrum        Ice/Alch       0%         N/A       100%        6
 Starburst                Conj/Fire      0%         6d3       100%        6
 Summon Cactus Giant      Summ           0%         N/A       100%        6
 Enfeeble                 Hex            0%         N/A       100%        7
 Haunt                    Necr/Summ      0%         N/A       100%        7
 Malign Gateway           Summ/Tloc      0%         N/A       100%        7
 Monstrous Menagerie      Summ           0%         N/A       100%        7
 Orb of Destruction       Conj           0%         9d5       100%        7
 Ozocubu's Refrigeration  Ice            0%         4d7       100%        7
 Spellforged Servitor     Conj/Summ      0%         N/A       100%        7
 Summon Hydra             Summ           0%         N/A       100%        7
 Borgnjor's Revivificati  Necr           0%         N/A       100%        8
 Discord                  Hex            0%         N/A       100%        8
 Ignition                 Fire           0%         3d3       100%        8
 Infestation              Necr           0%         N/A       100%        8
 Lehudib's Crystal Spear  Conj/Erth      7%         10d3      100%        8
 Maxwell's Capacitive Co  Air            0%         ∞         100%        8
 Summon Horrible Things   Summ           0%         N/A       100%        8
 Chain Lightning          Conj/Air       0%         N/A       100%        9
 Death's Door             Necr           0%         N/A       100%        9
 Fire Storm               Conj/Fire      0%         5d1       100%        9
 Shatter                  Erth           15%        3d15*     100%        9


Dungeon Overview and Level Annotations

Branches:
Dungeon (15/15)            Temple (1/1) D:4            Lair (5/5) D:10
 Shoals (4/4) Lair:3       Spider (4/4) Lair:2        Slime (5/5) Lair:5
    Orc (2/2) D:11            Elf (3/3) Orc:2        Vaults (5/5) D:14
  Crypt (0/3) Vaults:2     Depths (4/4) D:15            Zot (5/5) Depths:4
 Bailey (visited)           IceCv (visited)          WizLab (visited)
Gauntlet (visited)

Altars:
Ashenzari
Cheibriados
Dithmenos
Elyvilon
Fedhas
Gozag
Hepliaklqana
Kikubaaqudgha
Makhleb
Nemelex Xobeh
Okawaru
Qazlal
Ru
Sif Muna
Trog
Uskayaw
Vehumet
Wu Jian
Xom
Yredelemnul
Zin
The Shining One
Jiyva

Shops:
D:3 ?   D:14 (   Orc:2 *=[!   Elf:1 [   Elf:2 !   Vaults:5 [=

Portals:
Hell: Depths:1 Depths:2 Depths:3 Depths:4
Abyss: Depths:3 Depths:4
Pandemonium: Depths:2 Depths:3
Ziggurat: Depths:3

Annotations:
D:11 4 exclusions
Vaults:3 1 transporter, exclusion: downstairs, Namoxzo's ghost, adept VSBr
Vaults:4 !dig vault come back later maybe
Depths:2 3 runed translucent doors, exclusion: 3 doors
Depths:3 2 runed translucent doors, 1 transporter, exclusion: 2 doors, Ycsaax's ghost, veteran MiBe
Zot:3 3 runed translucent doors, exclusion: 3 doors, Qephaces's ghost, veteran GnGl


Innate Abilities, Weirdness & Mutations

Your life essence is reduced to manifest your ancestor. (-10% HP)
You are small and have problems with some larger weapons.
You are completely attuned to the shadows.
You are robust. (+10% HP)
Your muscles are strong. (Str +4, Int/Dex -1)
You expend magic power (3 MP) to strengthen your wands.


Message History

There is a stone staircase leading down here.
There is a stone staircase leading up here.
You climb upwards.
There is a stone staircase leading down here.
There is a stone staircase leading up here.
You climb upwards.
There is a stone staircase leading down here.
There is a stone staircase leading up here.
You climb upwards.
There is a stone staircase leading down here.
There is a stone staircase leading up here.
You climb upwards.
There is a stone staircase leading down here.
You swap places.
A demonspawn blood saint comes into view.
It is wielding a +0 dagger.
The demonspawn blood saint shouts!
A blizzard demon comes into view.
There is an open door here.
Crab gestures at the demonspawn blood saint while chanting.
The demonspawn blood saint suddenly stops moving!
There is a staircase leading out of the dungeon here.
Crab is recalled.
Crab hits the blizzard demon but does no damage.
Crab hits the blizzard demon with a +0 antimagic quick blade!
The blizzard demon's magic leaks into the air.
The blizzard demon falters for a moment.
Crab hits the blizzard demon with a +0 antimagic quick blade!
The blizzard demon's magic leaks into the air.
Crab hits the blizzard demon with a +0 antimagic quick blade!
The blizzard demon's magic leaks into the air.
Crab barely misses the blizzard demon.
Crab hits the blizzard demon with a +0 antimagic quick blade.
The blizzard demon's magic leaks into the air.
The blizzard demon barely misses you. You block the blizzard demon's attack.
Crab hits the blizzard demon with a +0 antimagic quick blade!
The blizzard demon's magic leaks into the air.
Crab hits the blizzard demon with a +0 antimagic quick blade!
The blizzard demon dies!
There is a staircase leading out of the dungeon here.
You have escaped!

### #.####################
#....................#
#.####...............# #.#
#..############### #.#
#..#⌠≈≈≈≈.⌠.....⌠####
########.####..#≈≈≈≈.........#...
#........#.....#≈≈≈..........#...
#..............#@R.##..6##..>#.##
#........#.#...#...##...##...#.#
###+####.#.#...#.............#.#
...........#...#######'#######.#
###.............#............#.#
...........#....#..............##
###.#.##.#.#........###..##......
...........#........##...##.#####
###.#.####.#.#..........###.#


You could see the friendly Crab the hexer.

Vanquished Creatures
  the Royal Jelly (Slime:5)
  2 dread liches
  A seraph (Depths:1)
  6 orbs of fire
  Frederick (Vaults:2)
  Mara (Vaults:4)
  Xtahua (Vaults:4)
  A Killer Klown (Zot:5)
  A pandemonium lord (Depths:1)
  4 curse toes
  8 golden dragons
  4 electric golems
  A Tzitzimitl (D:12)
  3 doom hounds (Zot:3)
  Zenata (Vaults:1)
  A Cloud Mage (WizLab)
  9 tentacled monstrosities
  Mlioglotl (Shoals:1)
  Jorgrun (Shoals:1)
  2 liches
  14 Orb Guardians
  Grunn (Zot:3)
  2 titans (Vaults:5)
  8 sphinxes
  A deep elf blademaster (Elf:3)
  7 acid blobs (Slime:5)
  4 quicksilver dragons
  17 storm dragons
  12 death cobs
  2 krakens
  An ancient champion (Vaults:2)
  2 Executioners
  7 tengu reavers
  9 shadow dragons
  3 tentacled starspawn
  Donald (Orc:2)
  7 rockslimes
  A daeva (Depths:1)
  3 draconian monks
  A demonspawn warmonger (Zot:1)
  7 fire giants
  5 frost giants
  7 protean progenitors
  Aizul (Elf:3)
  Ilsuiw (Shoals:3)
  15 vault wardens
  3 emperor scorpions (Spider:4)
  5 azure jellies
  5 draconian knights
  2 iron dragons
  4 deep elf sorcerers (Elf:3)
  Louise (Spider:3)
  4 deep elf elementalists (Elf:3)
  4 draconian shifters
  7 ghost moths
  13 ironbound preservers
  5 formless jellyfish
  7 draconian scorchers
  A spriggan defender (Depths:2)
  2 angels
  4 quicksilver oozes (Slime:5)
  17 very ugly things
  2 orc warlords
  4 draconian annihilators
  A draconian stormcaller (Zot:4)
  14 stone giants
  4 ironbound thunderhulks
  A vampire knight (Depths:2)
  5 deep elf demonologists
  12 yellow draconians
  12 black draconians
  11 green draconians
  7 deep elf death magi
  2 broodmothers (Spider:4)
  5 purple draconians
  13 white draconians
  A dire elephant (Vaults:3)
  4 red draconians
  2 war gargoyles
  7 deep elf annihilators (Elf:3)
  21 spark wasps
  A minotaur (Gauntlet)
  2 bunyips (Zot:2)
  A blizzard demon (Depths:3)
  6 fire dragons
  A crystal guardian (D:15)
  9 ettins
  A green death (D:9)
  8 entropy weavers
  Josephine (Shoals:1)
  2 merfolk javelineers
  10 merfolk impalers
  2 jiangshi (Depths:1)
  7 great orbs of eyes
  4 deep elf high priests
  2 rakshasas (Depths:2)
  18 vault guards
  9 ice dragons
  15 yaktaur captains
  6 boulder beetles
  11 centaur warriors
  2 hell beasts
  9 ironbound frosthearts
  3 catoblepae
  2 peacekeepers (Vaults:4)
  3 ogre magi
  A juggernaut simulacrum (Abyss:2)
  6 starcursed masses
  A merfolk avatar (Shoals:4)
  A ghost crab (WizLab)
  A radroach (Spider:4)
  3 jorogumos
  2 merfolk aquamancers (Shoals:4)
  A death knight (D:11)
  8 spriggan air magi
  2 satyrs
  3 deep troll shamans
  4 alligator snapping turtles (Shoals:4)
  5 two-headed ogres
  A radroach (shapeshifter) (Vaults:5)
  6 death yaks
  20 dancing weapons
  3 spriggan berserkers (Depths:3)
  2 tengu warriors
  A hell hog (Gauntlet)
  A vampire mage (Depths:1)
  4 deep troll earth magi
  9 sun demons
  2 thrashing horrors
  A naga sharpshooter (D:15)
  5 hell knights (Depths:3)
  2 occultists (D:15)
  7 demonic crawlers
  3 shock serpents (WizLab)
  13 deep elf knights
  6 skysharks
  A storm dragon zombie (Depths:2)
  3 wretched stars
  5 sixfirhies
  A skyshark (shapeshifter) (Vaults:5)
  A titan skeleton (Depths:2)
  A golden dragon zombie (Depths:2)
  Amaemon (D:8)
  6 iron trolls
  A spatial maelstrom (Abyss:3)
  4 death drakes
  A fire crab (D:15)
  4 pharaoh ants
  31 deep trolls
  6 skeletal warriors
  10 sea snakes
  Lodul (D:14)
  6 orb spiders
  A bog body (Lair:4)
  2 sea snakes (shapeshifter)
  13 deep elf archers
  4 glowing orange brains
  2 swamp dragons (Zot:1)
  A tengu zombie (Depths:2)
  2 orb spiders (shapeshifter) (Vaults:5)
  10 arcanists
  2 flayed ghosts (Depths:2)
  4 sun moths
  17 ironbound convokers
  3 steelbarb worms
  2 lindwurms (shapeshifter)
  8 large abominations
  35 deep elf pyromancers
  18 deep elf zephyrmancers
  2 shining eyes
  4 necromancers
  2 cyclopes
  3 orc sorcerers
  20 harpies
  7 lindwurms
  Pikel (D:8)
  A sphinx simulacrum (Vaults:2)
  12 wolf spiders
  A frost giant zombie (Depths:2)
  An elf skeleton (Vaults:2)
  A glowing shapeshifter (Vaults:5)
  12 orc knights
  A manticore (shapeshifter) (D:14)
  A worldbinder (Abyss:3)
  A cyclops (shapeshifter) (D:15)
  10 manticores
  23 moths of wrath
  5 fauns
  5 kobold blastminers
  A stone giant skeleton (Abyss:4)
  27 ugly things
  2 meliai (Spider:2)
  11 elephants
  A meliai (shapeshifter) (D:14)
  3 black mambas
  3 salamanders (D:15)
  3 smoke demons
  2 rust devils (D:15)
  5 water nymphs
  5 merfolk sirens
  An apocalypse crab (WizLab)
  5 gargoyles
  A torpor snail (shapeshifter) (D:14)
  24 vault sentinels
  10 cane toads
  Maggie (D:8)
  2 orange demons
  2 unseen horror zombies (D:9)
  2 hellions
  6 torpor snails
  4 komodo dragons
  2 unseen horrors (D:12)
  Jeremiah (D:8)
  10 rime drakes
  2 freezing wraiths
  A tormentor (Zot:5)
  3 tengu conjurers
  44 yaktaurs
  2 ice devils
  A silent spectre (Abyss:4)
  A kobold demonologist (Bailey)
  3 tyrant leeches (Lair:5)
  8 catoblepas skeletons (Abyss:4)
  A yaktaur skeleton (Vaults:2)
  An ancient zyme (Abyss:2)
  A harpy zombie (Abyss:4)
  13 trolls
  A queen bee (Gauntlet)
  18 merfolk
  A tengu simulacrum (Depths:2)
  7 wind drakes
  3 red devils (Orc:2)
  9 polar bears
  6 snapping turtles
  10 hornets
  22 tarantellas
  A blink frog (shapeshifter) (D:15)
  5 raiju
  6 blink frogs
  A dream sheep (shapeshifter) (Vaults:5)
  9 dream sheep
  A glass eye (Slime:5)
  30 jumping spiders
  42 slime creatures
  A hexer (Vaults:1)
  10 air elementals
  2 vampires
  2 shadows
  3 water elementals
  3 ynoxinuls
  12 culicivoras
  52 yaks
  A human (Orc:1)
  8 wraiths
  4 fire elementals
  A yak (shapeshifter) (Vaults:5)
  A basilisk (Abyss:4)
  2 fire bats (Gauntlet)
  4 wargs
  59 redbacks
  A neqoxec (Abyss:4)
  A redback (shapeshifter) (Vaults:2)
  A death yak simulacrum (Lair:4)
  A hog (shapeshifter) (D:12)
  3 steam dragons
  3 small abominations (Abyss:4)
  Menkaure (D:4)
  An acid dragon (D:10)
  9 water moccasins
  2 glowing shapeshifter skeletons
  Duvessa (D:7)
  5 hell hounds
  27 orc warriors
  2 meliai simulacra (D:15)
  2 ice beasts
  8 boggarts
  A crocodile (shapeshifter) (D:15)
  10 human skeletons (Vaults:2)
  4 laughing skulls (Abyss:3)
  9 ogres
  8 centaurs
  21 wolves
  A phantom (D:5)
  3 kobold brigands
  11 bullfrogs
  A wyvern zombie (D:9)
  A necrophage (D:8)
  8 gnoll sergeants
  A two-headed ogre simulacrum (Lair:4)
  9 earth elementals
  2 scorpions (D:6)
  9 wights
  5 jellies
  An elephant simulacrum (Lair:4)
  20 killer bees
  12 electric eels
  A howler monkey (D:9)
  4 centaur zombies (D:9)
  A lava snake (Lair:3)
  2 bombardier beetles (D:5)
  2 hounds
  7 orc priests
  A sleepcap (D:7)
  Ijyb (D:3)
  3 iguanas
  Natasha (thrice) (D:3)
  12 orc wizards
  A spriggan simulacrum (Lair:4)
  A killer bee zombie (D:9)
  A hound skeleton (D:8)
  19 gnolls
  2 adders
  A naga simulacrum (Lair:4)
  2 white imps
  A ribbon worm (D:2)
  2 dart slugs (D:1)
  67 orcs
  4 bats
  10 endoplasms
  3 giant cockroaches
  9 goblins
  12 hobgoblins
  2 jackals (D:5)
  16 kobolds
  3 quokkas
  9 ball pythons
  A frilled lizard (D:2)
  5 rats
  2 aspiring fleshes
1947 creatures vanquished.

Vanquished Creatures (collateral kills)
  A dread lich (Vaults:5)
  3 orbs of fire
  2 curse toes (Zot:4)
  A golden dragon (Vaults:5)
  Jory (Depths:3)
  10 tentacled monstrosities
  An electric golem (Zot:5)
  7 Orb Guardians (Zot:5)
  3 liches
  A deep elf blademaster (Elf:3)
  3 titans
  A deep elf master archer (Elf:3)
  3 quicksilver dragons
  2 sphinxes
  7 acid blobs (Slime:5)
  Polyphemus (Shoals:2)
  4 storm dragons
  A shadow dragon (Zot:3)
  A rockslime (Slime:5)
  3 draconian knights
  2 azure jellies (Slime:5)
  4 fire giants
  A daeva (Abyss:3)
  6 draconian shifters
  3 vault wardens
  4 ghost moths
  An iron dragon (Zot:2)
  2 deep elf elementalists (Elf:3)
  A deep elf sorcerer (Elf:3)
  7 ironbound preservers
  A cacodemon (D:11)
  2 very ugly things
  2 stone giants
  3 formless jellyfish (Slime:5)
  An ironbound thunderhulk (Vaults:3)
  4 quicksilver oozes (Slime:5)
  A broodmother (Spider:4)
  A vampire knight (Depths:2)
  2 green draconians
  3 deep elf death magi
  A deep elf demonologist (Elf:3)
  A spark wasp (Depths:2)
  A red draconian (Zot:2)
  A yellow draconian (Zot:3)
  3 purple draconians
  3 white draconians
  2 deep elf annihilators
  An ettin (Depths:2)
  2 blizzard demons
  A crystal guardian (D:15)
  2 yaktaur captains
  A fire dragon (Depths:4)
  An entropy weaver (Spider:3)
  A merfolk impaler (Shoals:1)
  2 rakshasas
  A deep elf high priest (Vaults:5)
  2 hydras
  2 hell beasts
  A juggernaut simulacrum (Abyss:4)
  4 great orbs of eyes
  10 vault guards
  A spriggan air mage (WizLab)
  A merfolk avatar (Shoals:4)
  2 catoblepae
  A satyr (Zot:5)
  2 peacekeepers (Vaults:4)
  14 dancing weapons
  2 ironbound frosthearts
  A deep troll earth mage (Depths:4)
  A vampire mage (Depths:2)
  A death knight (D:11)
  3 thrashing horrors
  A spriggan berserker (Depths:2)
  4 death yaks
  2 sun demons (Depths:4)
  7 wretched stars
  7 deep elf knights
  A shock serpent (WizLab)
  A hell knight (D:15)
  A sea snake (Shoals:3)
  A shadow wraith (Vaults:5)
  A skyshark (Lair:5)
  2 pharaoh ants
  8 deep trolls
  3 large abominations (Abyss:4)
  2 death drakes (WizLab)
  3 orb spiders
  An orb spider (shapeshifter) (Vaults:5)
  A flayed ghost (Depths:2)
  A death drake (shapeshifter) (D:15)
  A kraken simulacrum (Shoals:4)
  4 deep elf archers
  A swamp dragon (Zot:1)
  2 steelbarb worms
  2 necromancers
  3 arcanists
  2 wolf spiders
  An orc knight (Orc:2)
  5 harpies (Shoals:2)
  3 deep elf pyromancers
  A phantasmal warrior (Vaults:5)
  2 fauns
  3 deep elf zephyrmancers
  A frost giant zombie (Depths:2)
  A shining eye (Slime:5)
  2 orc sorcerers (Orc:1)
  A cyclops (Shoals:3)
  8 ugly things
  A salamander (D:15)
  2 manticores
  A shadow dragon skeleton (Depths:2)
  4 moths of wrath
  A fire giant skeleton (Depths:2)
  6 elephants
  A meliai (Spider:2)
  3 merfolk sirens (Shoals:4)
  A black mamba (Lair:4)
  An ice statue (IceCv)
  A rust devil (D:14)
  4 vault sentinels
  2 apocalypse crabs
  4 torpor snails
  A water nymph (Shoals:1)
  5 cane toads
  An unseen horror (Abyss:1)
  An unseen horror zombie (D:9)
  A gargoyle (D:15)
  A smoke demon (Abyss:3)
  4 rime drakes
  14 yaktaurs
  An efreet (Abyss:4)
  A guardian mummy (Zot:2)
  A catoblepas skeleton (Abyss:4)
  5 merfolk
  2 trolls
  4 polar bears
  3 ancient zymes
  A queen bee (Spider:2)
  7 tarantellas
  A tyrant leech (Lair:5)
  2 wind drakes
  3 hornets (Lair:5)
  A blink frog (Lair:3)
  4 raiju
  14 slime creatures
  3 dream sheep
  A snapping turtle (Shoals:3)
  7 culicivoras
  3 jumping spiders
  4 wraiths
  7 air elementals (WizLab)
  2 starcursed masses
  6 water elementals
  A fire elemental (Elf:2)
  A steam dragon (D:9)
  A redback (shapeshifter) (Depths:4)
  14 yaks
  2 chaos spawn
  A human zombie (Vaults:2)
  A neqoxec (Abyss:2)
  23 redbacks
  2 water moccasins
  2 spatial vortices (Abyss:3)
  A laughing skull (Abyss:3)
  15 orc warriors
  A meliai simulacrum (D:15)
  A black bear (Lair:1)
  A sky beast (D:7)
  5 ogres
  6 small abominations
  6 wolves
  5 centaurs
  A kobold brigand (D:11)
  5 bullfrogs
  2 gnoll sergeants (D:8)
  An earth elemental (Abyss:4)
  A scorpion (D:7)
  3 wights (D:7)
  Dowan (D:7)
  8 killer bees
  5 electric eels
  2 jellies
  A centaur zombie (D:9)
  A quasit (Abyss:2)
  A hound (D:6)
  5 orc priests
  2 iron imps
  2 gnoll boudas (D:8)
  4 orc wizards
  A spriggan simulacrum (Lair:4)
  11 gnolls
  A white imp (Abyss:2)
  An ufetubus (Abyss:2)
  26 orcs
  An endoplasm (Lair:5)
  3 goblins (Bailey)
  4 hobgoblins
  3 kobolds (D:10)
  2 aspiring fleshes (Zot:1)
  A starspawn tentacle (Abyss:4)
600 creatures vanquished.

Vanquished Creatures (others)
  A merfolk impaler (Shoals:1)
  A two-headed ogre (D:9)
  A deep elf zephyrmancer (Elf:2)
  A wolf spider (Spider:4)
  A large abomination (Abyss:4)
  An unseen horror zombie (D:9)
  A small abomination (Abyss:4)
  An air elemental (WizLab)
  4 orc warriors
  2 centaurs
  A bullfrog (D:9)
  A wight (D:9)
  A gnoll bouda (D:9)
  26 hexers
  An ancestor (D:6)
  2 gnolls (D:3)
  3 orcs
  An endoplasm (D:4)
  A lurking horror (Abyss:4)
  3 starspawn tentacles
  8 tentacles
62 creatures vanquished.

Grand Total: 2609 creatures vanquished

Notes
Turn   | Place    | Note
-------+----------+-------------------------------------------
     0 | D:1      | Implojin the Kobold Artificer began the quest for the Orb.
     0 | D:1      | Reached XP level 1. HP: 12/12 MP: 1/1
    72 | D:1      | Reached skill level 1 in Short Blades
   198 | D:1      | Reached XP level 2. HP: 14/16 MP: 2/2
  1272 | D:2      | Reached XP level 3. HP: 21/21 MP: 3/3
  2218 | D:3      | Reached XP level 4. HP: 14/26 MP: 4/4
  2335 | D:3      | Noticed Natasha
  2348 | D:3      | Killed Natasha
  2511 | D:3      | Reached XP level 5. HP: 15/30 MP: 5/5
  2528 | D:3      | Noticed Natasha
  2529 | D:3      | Killed Natasha
  2530 | D:3      | Reached skill level 5 in Evocations
  2788 | D:3      | Noticed Ijyb
  2831 | D:3      | Killed Ijyb
  3072 | D:3      | Reached XP level 6. HP: 29/35 MP: 6/6
  3104 | D:3      | Noticed Natasha
  3105 | D:3      | Killed Natasha
  3219 | D:3      | Found Orrosoarig's Magic Scroll Shoppe.
  3224 | D:3      | Bought a scroll of teleportation for 30 gold pieces
  3224 | D:3      | Bought 2 scrolls of identify for 40 gold pieces
  3565 | D:4      | Found a radiant altar of Vehumet.
  3945 | D:4      | Found a staircase to the Ecumenical Temple.
  4178 | D:4      | Noticed Menkaure
  4180 | D:4      | Killed Menkaure
  4181 | D:4      | Reached XP level 7. HP: 32/40 MP: 7/7
  4184 | Temple   | Entered the Ecumenical Temple
  4195 | Temple   | Became a worshipper of Hepliaklqana the Forgotten
  4532 | D:5      | Entered Level 5 of the Dungeon
  4669 | D:5      | Found a glowing golden altar of the Shining One.
  4672 | D:5      | Noticed an angel
  4988 | D:5      | Reached XP level 8. HP: 22/45 MP: 8/8
  5340 | D:5      | Found a basalt altar of Yredelemnul.
  5343 | D:5      | Noticed a profane servitor
  5556 | D:5      | Reached * piety under Hepliaklqana
  5582 | D:5      | Reached skill level 5 in Stealth
  5811 | D:4      | Found a radiant altar of Vehumet.
  6075 | D:4      | Found a staircase to the Ecumenical Temple.
  6412 | D:4      | Found a radiant altar of Vehumet.
  6733 | D:4      | Found a staircase to the Ecumenical Temple.
  7116 | D:6      | Found an iron altar of Okawaru.
  7731 | D:6      | Found a white marble altar of Elyvilon.
  7799 | D:6      | Reached XP level 9. HP: 27/46 MP: 9/9
  8252 | D:6      | Reached ** piety under Hepliaklqana
  8253 | D:6      | Remembered your ancestor Crab as a hexer
  8315 | D:7      | Noticed Dowan
  8328 | D:7      | Noticed Duvessa
  8336 | D:7      | Killed Dowan
  8339 | D:7      | Killed Duvessa
  8340 | D:7      | Reached skill level 10 in Stealth
  8456 | D:7      | Identified the +4 scale mail of Least Resistance {rPois
                  | MP+9 Int+4}
  8480 | D:7      | Found a blossoming altar of Fedhas.
  8852 | D:7      | Reached skill level 10 in Short Blades
  9055 | D:7      | Reached skill level 5 in Fighting
  9470 | D:7      | Reached skill level 3 in Dodging
  9889 | D:7      | Found a broken altar of Ashenzari.
  9932 | D:7      | Reached skill level 4 in Dodging
 10443 | D:8      | Noticed Maggie
 10447 | D:8      | Killed Maggie
 10448 | D:8      | Reached skill level 6 in Dodging
 10448 | D:8      | Reached XP level 10. HP: 54/54 MP: 10/10
 10621 | D:8      | Reached skill level 7 in Dodging
 10742 | D:8      | Found the +5 woodcutter's axe
 10804 | D:8      | Reached skill level 8 in Dodging
 10942 | D:8      | Noticed Pikel
 10970 | D:8      | Killed Pikel
 10971 | D:8      | Reached skill level 9 in Dodging
 11291 | D:8      | Reached skill level 10 in Dodging
 11481 | D:8      | Found a burning altar of Makhleb.
 11531 | D:8      | Reached skill level 11 in Dodging
 11583 | D:8      | Noticed Jeremiah
 11643 | D:8      | Killed Jeremiah
 11771 | D:8      | Noticed an orange demon
 11780 | D:8      | Noticed Amaemon
 11781 | D:8      | Killed an orange demon
 11782 | D:8      | Reached XP level 11. HP: 57/57 MP: 11/11
 11789 | D:8      | Killed Amaemon
 11790 | D:8      | Reached skill level 12 in Dodging
 12435 | D:9      | Reached *** piety under Hepliaklqana
 12581 | D:9      | Killed a two-headed ogre
 12635 | D:9      | Found a shimmering altar of Xom.
 12987 | D:9      | Found a glowing silver altar of Zin.
 13805 | D:9      | Found a hide-covered altar of Uskayaw.
 13807 | D:9      | Found a stormy altar of Qazlal.
 13818 | D:9      | Found an ornate altar of the Wu Jian Council.
 13832 | D:9      | Found a shimmering blue altar of Sif Muna.
 14085 | D:10     | Entered Level 10 of the Dungeon
 14366 | D:10     | Found a flagged portal.
 14391 | Bailey   | Entered a bailey
 14572 | Bailey   | Reached XP level 12. HP: 56/63 MP: 12/12
 15107 | Bailey   | Found an iron altar of Okawaru.
 15130 | Bailey   | Got the Elucidation of Astrapomancy and the Comitatus
 15442 | Bailey   | Acquired a +0 rapier of electrocution
 15444 | Bailey   | Acquired the +1 pair of boots of Ketwapil {rC+}
 15457 | Bailey   | Acquired a manual of Invocations
 15766 | D:10     | Found a portal to a secret trove of treasure.
 15862 | D:10     | Noticed a two-headed ogre
 15866 | D:10     | Killed a two-headed ogre
 16835 | D:10     | Found a staircase to the Lair.
 17108 | D:11     | Reached **** piety under Hepliaklqana
 17524 | D:11     | Noticed a skeletal warrior
 17530 | D:11     | Reached skill level 1 in Invocations
 17638 | D:11     | Noticed a death knight
 17647 | D:11     | Killed a death knight
 17675 | D:11     | Noticed a death knight
 17692 | D:11     | Killed a death knight
 17746 | D:11     | Noticed a skeletal warrior
 17755 | D:11     | Killed a skeletal warrior
 18375 | D:11     | Killed a skeletal warrior
 18607 | D:11     | Found a staircase to the Orcish Mines.
 18926 | Lair:1   | Entered Level 1 of the Lair of Beasts
 19095 | Lair:1   | Reached XP level 13. HP: 58/72 MP: 20/20
 19097 | Lair:1   | Reached skill level 10 in Invocations
 19101 | Lair:1   | Reached skill level 1 in Armour
 20229 | Lair:2   | Found a gate leading to a gauntlet.
 20250 | Gauntlet | Entered a Gauntlet
 20250 | Gauntlet | Found a transporter.
 20265 | Gauntlet | Found a transporter.
 20267 | Gauntlet | Found a transporter.
 20289 | Gauntlet | Found a transporter.
 20298 | Gauntlet | Found a transporter.
 20306 | Gauntlet | Found a transporter.
 20329 | Gauntlet | Found a transporter.
 20350 | Gauntlet | Noticed a quicksilver ooze
 20359 | Gauntlet | Found a transporter.
 20390 | Gauntlet | Found a transporter.
 20400 | Gauntlet | Found a large runed translucent door.
 20400 | Gauntlet | Found a large runed translucent door.
 20401 | Gauntlet | Found a large runed translucent door.
 20402 | Gauntlet | Found a large runed translucent door.
 20403 | Gauntlet | Found a large runed translucent door.
 20403 | Gauntlet | Found a large runed translucent door.
 20404 | Gauntlet | Found a large runed translucent door.
 20405 | Gauntlet | Found a large runed translucent door.
 20419 | Gauntlet | Found a runed translucent gate.
 20420 | Gauntlet | Found a transporter.
 20420 | Gauntlet | Found a runed translucent gate.
 20421 | Gauntlet | Found a runed translucent gate.
 20427 | Gauntlet | Reached ***** piety under Hepliaklqana
 20431 | Gauntlet | Found a large runed translucent door.
 20431 | Gauntlet | Found a large runed translucent door.
 20432 | Gauntlet | Found a large runed translucent door.
 20433 | Gauntlet | Found a large runed translucent door.
 20434 | Gauntlet | Found a large runed translucent door.
 20434 | Gauntlet | Found a large runed translucent door.
 20435 | Gauntlet | Found a large runed translucent door.
 20436 | Gauntlet | Found a large runed translucent door.
 20440 | Gauntlet | Found a transporter.
 20451 | Gauntlet | Found a transporter.
 20464 | Gauntlet | Noticed a green death
 20481 | Gauntlet | Found a transporter.
 20503 | Gauntlet | Found a transporter.
 20516 | Gauntlet | Found a transporter.
 20520 | Gauntlet | Found a transporter.
 20551 | Gauntlet | Found a transporter.
 20893 | Gauntlet | Found a transporter.
 20911 | Gauntlet | Got Fyskear's Precepts of Astrapomancy
 21362 | Gauntlet | Reached skill level 5 in Armour
 21731 | Gauntlet | Identified the ring of Wegg {Wiz Str+3 SInv}
 21865 | Gauntlet | Identified the +7 hand axe of Ulieh {protect, +Blink rPois
                  | Will+ Stlth-}
 21865 | Gauntlet | Noticed a minotaur
 21875 | Gauntlet | Killed a minotaur
 22042 | Gauntlet | Learned a level 3 spell: Passwall
 22461 | Lair:2   | Noticed an eight-headed hydra
 22469 | Lair:2   | Killed an eight-headed hydra
 22962 | Lair:2   | Found a hole to the Spider Nest.
 23129 | Lair:3   | Noticed a four-headed hydra
 23136 | Lair:3   | Killed a four-headed hydra
 23158 | Lair:3   | Found a frozen archway.
 23175 | IceCv    | Entered an ice cave
 23462 | IceCv    | Reached skill level 10 in Fighting
 23841 | IceCv    | Reached XP level 14. HP: 43/79 MP: 12/21
 24454 | IceCv    | Reached skill level 13 in Dodging
 24679 | IceCv    | Identified the +7 broad axe of the Hammering Genius {flame,
                  | MP+9}
 25329 | Lair:3   | Acquired the amulet "Edwuty Lass" {Spirit +Inv rC+ Regen+
                  | Str+3}
 25582 | Lair:3   | Reached skill level 14 in Dodging
 26363 | Lair:3   | Found a staircase to the Shoals.
 26762 | Lair:4   | Reached skill level 15 in Dodging
 26806 | Lair:4   | Identified the staff "Luaffang" {rPois Ice Earth}
 28071 | Lair:5   | Entered Level 5 of the Lair of Beasts
 28168 | Lair:5   | Reached skill level 10 in Evocations
 28210 | Lair:5   | Reached XP level 15. HP: 69/86 MP: 16/22
 28429 | Lair:5   | Identified the +5 shortbow of the Endless Expanse {flame,
                  | rF++ Will++ Dex-3}
 28525 | Lair:5   | Reached skill level 15 in Stealth
 29077 | Lair:5   | Reached skill level 15 in Short Blades
 29427 | Lair:5   | Found a viscous altar of Jiyva.
 30042 | Lair:5   | Found a staircase to the Slime Pits.
 30968 | Lair:1   | Reached skill level 16 in Dodging
 31307 | D:3      | Bought a scroll of blinking for 75 gold pieces
 31307 | D:3      | Bought a scroll of fear for 40 gold pieces
 31307 | D:3      | Bought a scroll of silence for 95 gold pieces
 31307 | D:3      | Bought a scroll of blinking for 75 gold pieces
 31307 | D:3      | Bought a scroll of poison for 40 gold pieces
 33348 | D:13     | Reached skill level 17 in Dodging
 33348 | D:13     | Reached XP level 16. HP: 90/90 MP: 23/23
 34254 | D:14     | Reached ****** piety under Hepliaklqana
 34262 | D:14     | Found Soismibb's Antique Weapon Boutique.
 34507 | D:14     | Noticed Lodul
 34514 | D:14     | Killed Lodul
 34700 | D:14     | Reached skill level 18 in Dodging
 34802 | D:14     | Found a gate to the Vaults.
 35521 | D:15     | Entered Level 15 of the Dungeon
 35558 | D:15     | Found a staircase to the Depths.
 35782 | D:15     | Identified the staff of Spores {rF+ Dex+2 Fire}
 35934 | D:15     | Reached skill level 19 in Dodging
 36426 | D:15     | Paralysed by an air elemental for 1 turns
 36833 | D:15     | Reached skill level 20 in Dodging
 38001 | D:15     | Got Jipnoubu's Incunable of the Big Bang
 38218 | Orc:1    | Entered Level 1 of the Orcish Mines
 38236 | Orc:1    | Noticed Sonja
 38237 | Orc:1    | Sonja changed into Sonja the human
 38237 | Orc:1    | Noticed Sonja
 38242 | Orc:1    | Killed Sonja the human
 38787 | Orc:1    | Reached XP level 17. HP: 92/95 MP: 24/24
 39298 | Orc:2    | Entered Level 2 of the Orcish Mines
 39302 | Orc:2    | Found Fine's General Store.
 39358 | Orc:2    | Found a staircase to the Elven Halls.
 39575 | Orc:2    | Noticed Donald
 39591 | Orc:2    | Killed Donald
 39887 | Orc:2    | Found Derafuan's Antique Armour Emporium.
 39887 | Orc:2    | Found Kuhud's Distillery.
 39888 | Orc:2    | Found Teofe's Jewellery Shoppe.
 40467 | Orc:2    | Bought the ring "Keshrur" {Will+ MP+9 Str+2 Slay+2 Stlth+}
                  | for 624 gold pieces
 40469 | Orc:2    | Bought a heavily runed scale mail for 225 gold pieces
 40469 | Orc:2    | Identified the +8 scale mail "Xouh" {Str+3 Dex+3} (You
                  | bought it in a shop on level 2 of the Orcish Mines)
 40472 | Orc:2    | Bought 2 potions of curing for 84 gold pieces
 40472 | Orc:2    | Bought a potion of curing for 42 gold pieces
 40472 | Orc:2    | Bought a potion of heal wounds for 70 gold pieces
 40472 | Orc:2    | Bought a potion of curing for 42 gold pieces
 40472 | Orc:2    | Bought a potion of haste for 140 gold pieces
 40497 | Orc:2    | Bought a scroll of fear for 48 gold pieces
 40497 | Orc:2    | Bought a scroll of enchant armour for 90 gold pieces
 40497 | Orc:2    | Bought a potion of resistance for 120 gold pieces
 40497 | Orc:2    | Bought the +10 plate armour "Imumul" {Dex+3} for 1035 gold
                  | pieces
 40716 | Spider:1 | Entered Level 1 of the Spider Nest
 42028 | Spider:2 | Reached skill level 10 in Armour
 42458 | Spider:2 | Identified the +0 robe of Ugicir {rF+ rC- rCorr}
 42930 | Spider:2 | Acquired the amulet of Araokoma {Spirit rPois rF++}
 43956 | Spider:3 | Reached XP level 18. HP: 100/100 MP: 25/25
 44480 | Spider:3 | Noticed Louise
 44489 | Spider:3 | Killed Louise
 45089 | Spider:4 | Entered Level 4 of the Spider Nest
 46990 | Spider:4 | Got a gossamer rune of Zot
 48041 | Shoals:1 | Entered Level 1 of the Shoals
 48245 | Shoals:1 | Noticed Josephine
 48251 | Shoals:1 | Killed Josephine
 48263 | Shoals:1 | Reached skill level 15 in Armour
 48604 | Shoals:1 | Noticed a kraken
 48620 | Shoals:1 | Killed a kraken
 48621 | Shoals:1 | Reached XP level 19. HP: 91/104 MP: 17/26
 48714 | Shoals:1 | Noticed Mlioglotl
 48726 | Shoals:1 | Killed Mlioglotl
 48902 | Shoals:1 | Noticed Jorgrun
 48909 | Shoals:1 | Killed Jorgrun
 50379 | Shoals:2 | Noticed Polyphemus
 50395 | Shoals:2 | Killed Polyphemus
 50669 | Shoals:2 | Found the +8 mithril axe "Arga" {speed, Will+}
 50967 | Shoals:3 | Noticed Ilsuiw
 51671 | Shoals:3 | Killed Ilsuiw
 52351 | Shoals:4 | Entered Level 4 of the Shoals
 52518 | Shoals:4 | Got a barnacled rune of Zot
 53228 | Shoals:4 | Reached XP level 20. HP: 106/109 MP: 27/27
 53479 | Shoals:4 | Identified the staff "Eviusuna" {Fly rN+ Necro}
 54060 | Shoals:4 | Identified the +11 spear of the Common Good {pain, rPois
                  | Dex+5}
 54612 | Vaults:1 | Entered Level 1 of the Vaults
 55271 | Vaults:1 | Paralysed by a formless jellyfish for 1 turns
 56672 | Vaults:1 | Noticed Zenata
 56676 | Vaults:1 | Killed Zenata
 56896 | Vaults:2 | Identified the orb "Xayx" {*channel, Str+2}
 56896 | Vaults:2 | Noticed Frederick
 56916 | Vaults:2 | Killed Frederick
 57653 | Vaults:2 | Found a staircase to the Crypt.
 57690 | Vaults:2 | Reached skill level 15 in Fighting
 58387 | Vaults:2 | Reached XP level 21. HP: 116/121 MP: 24/28
 59497 | Vaults:2 | You fall into a shaft and drop 1 floor!
 60035 | Vaults:2 | Identified the +4 scale mail of Laemp {rElec rCorr Slay+4
                  | Stlth-}
 60610 | Vaults:3 | Reached skill level 21 in Dodging
 61225 | Vaults:3 | Found a transporter.
 61226 | Vaults:3 | Noticed Namoxzo's ghost (adept VSBr)
 61227 | Vaults:3 | Identified the +6 great mace "Liosots" {freeze, rPois
                  | Str+3}
 61512 | Vaults:3 | Got the Discourse on Concussion
 62043 | Vaults:3 | Reached skill level 22 in Dodging
 62267 | Vaults:4 | Reached XP level 22. HP: 129/129 MP: 1/29
 62306 | Vaults:4 | Found a magical portal.
 62312 | WizLab   | Entered The Chambers of the Cloud Mage
 62435 | WizLab   | Paralysed by an air elemental for 1 turns
 62514 | WizLab   | Paralysed by an air elemental for 1 turns
 62519 | WizLab   | Paralysed by an air elemental for 1 turns
 62596 | WizLab   | Paralysed by an air elemental for 1 turns
 62654 | WizLab   | Paralysed by an air elemental for 1 turns
 62665 | WizLab   | Reached skill level 23 in Dodging
 62683 | WizLab   | Paralysed by an air elemental for 1 turns
 62802 | WizLab   | Paralysed by an air elemental for 1 turns
 63236 | WizLab   | Got Amuyduor's Vellum of Silt
 63886 | Vaults:4 | Noticed Mara
 64023 | Vaults:4 | Noticed Implojin's illusion
 64029 | Vaults:4 | Killed Mara
 64276 | Vaults:4 | Noticed Xtahua
 64279 | Vaults:4 | Killed Xtahua
 64280 | Vaults:4 | Reached skill level 24 in Dodging
 64697 | Vaults:4 | Reached skill level 25 in Dodging
 65552 | D:10     | You paid a toll of +3 fire dragon scales to enter a
                  | treasure trove
 65553 | Trove    | Entered a treasure trove
 65557 | Trove    | Identified the ring of Vixak {Fly rPois rF- Dex+2}
 65559 | Trove    | Identified the ring of the Invisible Hand {rF+ Str+5 Int+4
                  | Dex+6}
 65562 | Trove    | Identified the amulet "Bokoch" {Reflect Str-4 Int+3 SH+5}
 65567 | Trove    | Identified the ring "Beimaj" {Fly rC- Str+7}
 65577 | Trove    | Identified the ring "Fuapp" {rF+ Str+2}
 65579 | Trove    | Identified the ring "Uraaff" {rF+ rC+++}
 65582 | Trove    | Identified the ring "Hayroch" {^Contam rF+ Int+6 SInv}
 65759 | Elf:1    | Entered Level 1 of the Elven Halls
 66255 | Elf:1    | Paralysed by an air elemental for 1 turns
 66258 | Elf:1    | Paralysed by an air elemental for 1 turns
 66265 | Elf:1    | Paralysed by an air elemental for 1 turns
 66400 | Elf:1    | Found Udouhi's Armour Shop.
 66498 | Elf:1    | Reached XP level 23. HP: 133/134 MP: 30/30
 66599 | Elf:1    | Identified the +10 falchion of Subterfuge {drain, rN+
                  | Int+6}
 67799 | Elf:2    | Found a runed translucent gate.
 67800 | Elf:2    | Found a runed translucent gate.
 67801 | Elf:2    | Found a runed translucent gate.
 68096 | Elf:2    | Found Iwedghife's Distillery.
 69096 | Elf:3    | Entered Level 3 of the Elven Halls
 69097 | Elf:3    | Identified the serpent talisman "Soul" {rC+}
 69097 | Elf:3    | Noticed Aizul
 69203 | Elf:3    | Identified the +2 cloak of the Valley of Death {-Cast Will+
                  | Dex+2}
 69204 | Elf:3    | Killed Aizul
 69235 | Elf:3    | Paralysed by an air elemental for 1 turns
 69989 | Elf:3    | Identified the +4 mace of the Feeding Coward {spect, rF+}
 70002 | Elf:3    | Identified the +1 quarterstaff of Noon {flame, Str+3 Int-5
                  | Dex+6 Stlth+}
 70436 | Elf:3    | Identified the ring of Makhleb's Pride {Wiz Int+3}
 70446 | Elf:3    | Reached XP level 24. HP: 140/140 MP: 30/30
 70611 | Elf:3    | Got Sif Muna's Vademecum on the Distorted Charnel House
 70618 | Elf:3    | Identified the staff of Elyvilon's Hatred {Fire Earth}
 70661 | Elf:3    | Found the +10 tower shield of Ignorance {rN+ Int-4}
 70724 | Elf:3    | Identified the +2 spear "Ireoffast" {freeze, rF+ rC+ Dex+3}
 70732 | Elf:3    | Got the Omnibus of Coordinates
 70738 | Elf:3    | Identified the +5 ice dragon scales "Amaiv" {rF- rC++
                  | Slay+5}
 70741 | Elf:3    | Identified the +8 plate armour of Fun and Games {rElec rF+
                  | Stlth+}
 71163 | Depths:1 | Entered Level 1 of the Depths
 71911 | Depths:1 | Found a blossoming altar of Fedhas.
 72575 | Depths:1 | Found a gateway to Hell.
 72580 | Depths:1 | Reached skill level 1 in Shields
 72717 | Depths:2 | Found a runed translucent gate.
 72717 | Depths:2 | Found a runed translucent gate.
 72717 | Depths:2 | Found a runed translucent gate.
 73150 | Depths:2 | Identified the +1 robe of Taurox {rElec Int-5 Dex+3}
 73177 | Depths:2 | Reached skill level 5 in Shields
 74032 | Depths:2 | Found a one-way gate leading to the halls of Pandemonium.
 74571 | Depths:3 | Noticed Jory
 74580 | Depths:3 | Killed Jory
 74581 | Depths:3 | Reached XP level 25. HP: 141/144 MP: 30/30
 74630 | Depths:3 | Noticed Ycsaax's ghost (veteran MiBe)
 74631 | Depths:3 | Noticed an ancient lich
 74694 | Depths:3 | Found a runed translucent door.
 74707 | Depths:3 | Found a runed translucent door.
 74746 | Depths:3 | Found a transporter.
 74946 | Depths:3 | Found a one-way gateway to a ziggurat.
 74974 | Depths:3 | Found a one-way gate to the infinite horrors of the Abyss.
 75339 | Depths:3 | Identified the +0 robe of Zin's Inspiration {-Tele rPois
                  | rF+ Slay+5}
 75481 | Depths:4 | Entered Level 4 of the Depths
 75531 | Depths:4 | Reached skill level 10 in Shields
 76493 | Depths:4 | Found a shimmering blue altar of Sif Muna.
 76663 | Depths:4 | Found a gate to the Realm of Zot.
 77210 | Elf:1    | Bought the +10 plate armour of Ibbukkuf {rCorr} for 1369
                  | gold pieces
 77562 | Slime:1  | Entered Level 1 of the Pits of Slime
 77588 | Slime:1  | Gained mutation: Your body sometimes deteriorates upon
                  | taking damage. [a shining eye]
 77590 | Slime:1  | Gained mutation: You have hidden genetic defects. [a
                  | shining eye]
 77593 | Slime:1  | Lost mutation: Your body sometimes deteriorates upon taking
                  | damage. [potion of mutation]
 77593 | Slime:1  | Lost mutation: You have hidden genetic defects. [potion of
                  | mutation]
 77593 | Slime:1  | Gained mutation: You are frail. (-10% HP) [potion of
                  | mutation]
 77593 | Slime:1  | Lost mutation: You are frail. (-10% HP) [potion of
                  | mutation]
 77674 | Slime:5  | Entered Level 5 of the Pits of Slime
 77753 | Slime:5  | Paralysed by a formless jellyfish for 1 turns
 77932 | Slime:5  | Found a viscous altar of Jiyva.
 77932 | Slime:5  | Noticed the Royal Jelly
 77955 | Slime:5  | Killed the Royal Jelly
 78023 | Slime:5  | Identified the +1 robe of Shrieking Leaves {rCorr Str+5
                  | Dex-2}
 78034 | Slime:5  | Identified the amulet of Pragmatism {Reflect Harm rN+ Str+4
                  | SH+5}
 78109 | Slime:5  | Identified the +2 scale mail of Fanaticism {Rampage rElec
                  | Int-3}
 78111 | Slime:5  | Got a starry gem with 135 turns to spare
 78111 | Slime:5  | Got a slimy rune of Zot
 78676 | Vaults:5 | Entered Level 5 of the Vaults
 78713 | Vaults:5 | Reached XP level 26. HP: 119/149 MP: 11/30
 78767 | Vaults:5 | Found Koligis's Jewellery Boutique.
 78812 | Vaults:5 | Found Luhas's Antique Armour Boutique.
 78862 | Vaults:5 | Got a silver rune of Zot
 78901 | Vaults:5 | Reached skill level 15 in Shields
 79091 | Vaults:5 | Noticed a dread lich
 79099 | Vaults:5 | Killed a dread lich
 79415 | Vaults:5 | Identified the +2 great sword of the Endless Expanse {pain,
                  | Str+2}
 79541 | Vaults:5 | Identified the ring "Lyweotoh" {MP+9 Dex+3 Stlth+}
 80531 | Depths:3 | Voluntarily entered the Abyss.
 80631 | Abyss:2  | Found a corrupted altar of Lugonu.
 80895 | Abyss:2  | Found a corrupted altar of Lugonu.
 80969 | Depths:3 | Escaped the Abyss
 80971 | Depths:3 | Voluntarily entered the Abyss.
 81072 | Abyss:3  | Found a corrupted altar of Lugonu.
 81087 | Abyss:3  | Reached XP level 27. HP: 114/153 MP: 20/30
 81107 | Abyss:3  | Found a corrupted altar of Lugonu.
 81117 | Abyss:3  | Found a corrupted altar of Lugonu.
 81117 | Abyss:3  | Found a corrupted altar of Lugonu.
 81199 | Depths:3 | Escaped the Abyss
 81201 | Depths:3 | Voluntarily entered the Abyss.
 81228 | Abyss:3  | Found a corrupted altar of Lugonu.
 81277 | Abyss:3  | Found a corrupted altar of Lugonu.
 81369 | Abyss:4  | Found a corrupted altar of Lugonu.
 81397 | Depths:3 | Escaped the Abyss
 81399 | Depths:3 | Voluntarily entered the Abyss.
 81638 | Abyss:4  | :asdfg
 81653 | Abyss:4  | Reached skill level 1 in Earth Magic
 81920 | Abyss:4  | Got an abyssal rune of Zot
 82066 | Abyss:4  | Reached skill level 5 in Earth Magic
 82225 | Depths:3 | Escaped the Abyss
 82655 | Elf:2    | Bought a potion of enlightenment for 90 gold pieces
 82655 | Elf:2    | Bought a potion of curing for 54 gold pieces
 82655 | Elf:2    | Bought a potion of curing for 54 gold pieces
 82655 | Elf:2    | Bought a potion of might for 72 gold pieces
 82655 | Elf:2    | Bought a potion of haste for 180 gold pieces
 82655 | Elf:2    | Bought a potion of heal wounds for 90 gold pieces
 83072 | Zot:1    | Entered Level 1 of the Realm of Zot
 83813 | Zot:1    | Noticed an orb of fire
 83817 | Zot:1    | Killed an orb of fire
 84044 | Zot:1    | Reached skill level 10 in Earth Magic
 84687 | Zot:2    | Noticed a dread lich
 84726 | Zot:2    | Killed a dread lich
 84980 | Zot:2    | Noticed an orb of fire
 84988 | Zot:2    | Killed an orb of fire
 87196 | Zot:3    | Found a runed translucent gate.
 87196 | Zot:3    | Found a runed translucent gate.
 87196 | Zot:3    | Found a runed translucent gate.
 87200 | Zot:3    | Noticed a Killer Klown
 87201 | Zot:3    | Noticed Qephaces's ghost (veteran GnGl)
 87753 | Zot:3    | Noticed Grunn
 87762 | Zot:3    | Killed Grunn
 90347 | Zot:5    | Entered Level 5 of the Realm of Zot
 91051 | Zot:5    | Noticed an orb of fire
 91055 | Zot:5    | Noticed an orb of fire
 91059 | Zot:5    | Noticed an orb of fire
 91063 | Zot:5    | Killed an orb of fire
 91063 | Zot:5    | Noticed an orb of fire
 91068 | Zot:5    | Noticed an orb of fire
 91070 | Zot:5    | Killed an orb of fire
 91071 | Zot:5    | Noticed a dread lich
 91073 | Zot:5    | Noticed a Killer Klown
 91077 | Zot:5    | Noticed an orb of fire
 91077 | Zot:5    | Gained mutation: Your body sometimes deteriorates upon
                  | taking damage. [an orb of fire]
 91082 | Zot:5    | Killed an orb of fire
 91085 | Zot:5    | Killed an orb of fire
 91093 | Zot:5    | Gained mutation: You sometimes lose your temper in combat.
                  | [an orb of fire]
 91096 | Zot:5    | Gained mutation: You are clumsy. (Dex -2) [an orb of fire]
 91106 | Zot:5    | Killed an orb of fire
 91106 | Zot:5    | Gained mutation: You occasionally lose the ability to drink
                  | potions when taking damage. [an orb of fire]
 91117 | Zot:5    | Gained mutation: You sometimes lose the ability to drink
                  | potions when taking damage. [an orb of fire]
 91159 | Zot:5    | Gained mutation: Your body often deteriorates upon taking
                  | damage. [an orb of fire]
 91160 | Zot:5    | Gained mutation: You are very clumsy. (Dex -4) [an orb of
                  | fire]
 91166 | Zot:5    | Gained mutation: Your health recovers twice as slowly from
                  | being drained. [an orb of fire]
 91177 | Zot:5    | Killed an orb of fire
 91178 | Zot:5    | Lost mutation: Your body often deteriorates upon taking
                  | damage. [potion of mutation]
 91178 | Zot:5    | Lost mutation: You sometimes lose the ability to drink
                  | potions when taking damage. [potion of mutation]
 91178 | Zot:5    | Lost mutation: Your body sometimes deteriorates upon taking
                  | damage. [potion of mutation]
 91178 | Zot:5    | Gained mutation: You sometimes lose the ability to drink
                  | potions when taking damage. [potion of mutation]
 91179 | Zot:5    | Lost mutation: You are very clumsy. (Dex -4) [potion of
                  | mutation]
 91179 | Zot:5    | Lost mutation: Your health recovers twice as slowly from
                  | being drained. [potion of mutation]
 91179 | Zot:5    | Lost mutation: You sometimes lose your temper in combat.
                  | [potion of mutation]
 91179 | Zot:5    | Gained mutation: You are vulnerable to cold. (rC-) [potion
                  | of mutation]
 91180 | Zot:5    | Lost mutation: You are clumsy. (Dex -2) [potion of
                  | mutation]
 91180 | Zot:5    | Lost mutation: You sometimes lose the ability to drink
                  | potions when taking damage. [potion of mutation]
 91180 | Zot:5    | Lost mutation: You occasionally lose the ability to drink
                  | potions when taking damage. [potion of mutation]
 91180 | Zot:5    | Gained mutation: You occasionally lose the ability to read
                  | scrolls when taking damage. [potion of mutation]
 91180 | Zot:5    | Gained mutation: You have an increased reservoir of magic.
                  | (+10% MP) [potion of mutation]
 91180 | Zot:5    | Gained mutation: You expend magic power (3 MP) to
                  | strengthen your wands. [potion of mutation]
 91181 | Zot:5    | Lost mutation: You have an increased reservoir of magic.
                  | (+10% MP) [potion of mutation]
 91181 | Zot:5    | Lost mutation: You are vulnerable to cold. (rC-) [potion of
                  | mutation]
 91181 | Zot:5    | Lost mutation: You occasionally lose the ability to read
                  | scrolls when taking damage. [potion of mutation]
 91181 | Zot:5    | Gained mutation: You are robust. (+10% HP) [potion of
                  | mutation]
 91181 | Zot:5    | Gained mutation: Your muscles are strong. (Str +4, Int/Dex
                  | -1) [potion of mutation]
 91210 | Zot:5    | Killed a Killer Klown
 91338 | Zot:5    | Noticed an orb of fire
 91348 | Zot:5    | Killed an orb of fire
 91396 | Zot:5    | Killed a dread lich
 91480 | Zot:5    | Got the Orb of Zot
 91833 | Depths:1 | Noticed a seraph
 91837 | Depths:1 | Killed a seraph
 91934 | Depths:1 | Noticed Zatom the pandemonium lord
 91941 | Depths:1 | Killed Zatom the pandemonium lord
 91942 | Depths:1 | Reached skill level 26 in Dodging
 92341 | D:$      | Escaped with the Orb!

Illustrated notes

...#
...#
##...#
#....#
##....#
#.....#
# #R## #
#.#@#
.#......
#.#.##†.
#R###. .
## .


Turn 81638 on Abyss:4: :asdfg

Levels and vault maps discovered:
D:1:      amcnicky_arrival_flooded_fountain, layout_basic
D:2:      layout_loops_ring, corexii_corridor_pit, minmay_tree_intersection,
          grunt_decor_arrowhead, ebering_dispersal_statue_hall,
          hangedman_decor_diamond_cutter
D:3:      layout_loops_ring, serial_shops, shop, minivault_26, uniq_ijyb,
          uniq_natasha
D:4:      layout_basic, fiery_altar_vehumet, minmay_temple_entry_mist,
          uniq_menkaure
D:5:      layout_basic, grunt_temple_overflow_holy_war
D:6:      layout_basic, elyvilon_altar_5, okawaru_metal_pillars_1_2
D:7:      cheibrodos_quashed, layout_loops_corners,
          mainiacjoe_overflow_six_doors_small, mainiacjoe_overflow_tiny_flanked,
          st_stairs_5, serial_bayou_lagoon_a, corexii_item_surrounded_by_moat,
          minmay_misc_feat_more_columns, uniq_duvessa
D:8:      layout_basic, makhleb_blood_cavern_becter, serial_aquarium,
          aquarium_bridge_square [aquarium_subvault_bridge,
          aquarium_subvault_bridge, aquarium_subvault_bridge,
          aquarium_subvault_bridge], aquarium_window_1, aquarium_window_2,
          aquarium_window_1, aquarium_view_2b, aquarium_view_2d,
          aquarium_pool_side, pf_guarded_unrand_woodcutter, uniq_jeremiah,
          uniq_amaemon, uniq_pikel, uniq_maggie
D:9:      layout_loops_ring, zin_academy, grunt_temple_overflow_cloverleaf,
          xom_confusion_cloud, serial_undead, serial_undead_a, serial_undead_b,
          serial_undead_a, serial_undead_a
D:10:     layout_basic, erik_lair_orcish_takeover,
          nicolae_trove_entry_crossroad, enter_bailey_4
D:11:     cheibrodos_tormentor_scu, layout_loops_cross,
          kennysheep_orc_monster_closet_entryway
D:12:     layout_basic
D:13:     layout_roguey, kennysheep_another_room
D:14:     layout_basic, david_vaults_2, serial_shops, nicolae_take_the_stairs,
          minmay_between, uniq_lodul
D:15:     hangedman_crystal_crosses_colossus [crystal_crosses_arms_four,
          crystal_crosses_arms_four, crystal_crosses_arms_two], serial_shops
Temple:   hellmonk_temple_of_storms
Lair:1:   layout_concentric_octagons
Lair:2:   layout_gridlike, spider_nest_entry_web_field, gauntlet_entry_generic
Lair:3:   layout_gridlike, minmay_shoals_entry_beasts, portal_ice_cave_rime,
          serial_bayou_shore_a, infiniplex_staircase_pool_2
Lair:4:   dreamdust_isle_of_ice, layout_regular_city
Lair:5:   wormcave, layout_long_grid, nicolae_slime_entry_slimehenge,
          chequers_serial_rivers_micro_a, minmay_hedge_maze
Shoals:1: layout_shoals, nicolae_shoals_land_atoll, uniq_mlioglotl,
          uniq_jorgrun, uniq_josephine
Shoals:2: layout_shoals, uniq_polyphemus
Shoals:3: layout_shoals, uniq_ilsuiw
Shoals:4: shoals_end_grunt_ice, layout_shoals
Spider:1: layout_spider_delve
Spider:2: layout_spider_delve, special_room [special_room_bee],
          hangedman_spider_tarantella_strand
Spider:3: layout_cave_pods, uniq_louise
Spider:4: grunt_spider_rune_parallel
Slime:1:  layout_caves
Slime:2:  layout_caves
Slime:3:  layout_caves, cheibrodos_slime_lost_civilization_4
Slime:4:  layout_caves, special_room [special_room_jelly],
          nicolae_slime_getting_an_eyeful
Slime:5:  slime_pit_nicolae_trefoil
Orc:1:    hellmonk_paralyzer, layout_diamond_mine, basic_altar, uniq_sonja
Orc:2:    st_orc_rangers, layout_caves, serial_shops, shop_statue,
          einodemon_armed_red_devil_minivault, uniq_donald
Elf:1:    minmay_elf_arrival_summoners, layout_gridlike, serial_shops,
          nicolae_shop_real_fake_doors, minivault_28, drop_trap
Elf:2:    nicolae_elf_blades_splatter_lattice
          [nicolae_blade_entry_sentries_behind_glass], layout_loops_cross,
          serial_shops, nicolae_shop_statue_plus, st_stairs_5, minivault_23
Elf:3:    minmay_elf_hall_spiked, layout_geoelf_diagonals, uniq_aizul
Vaults:1: hangedman_vaults_stagger, v_alt_pattern_1, vaults_room_hallway,
          nicolae_vaults_alarming, st_lattice, nicolae_vaults_trapezoid_1,
          ontoclasm_vaults_gateway, grunt_vaults_funnel, layout_vaults_omnigrid,
          uniq_zenata
Vaults:2: nicolae_vaults_swerve, ontoclasm_vaults_tryst,
          minmay_crypt_entry_skeletal_spiral, nicolae_vaults_storage_closets_2,
          v_misc_28, nicolae_vaults_puzzle_piece,
          nicolae_vaults_sesquioval_fish, vaults_mumra_minichess, st_eye,
          nicolae_vaults_diamond_2, layout_vaults_chaotic_city, uniq_frederick
Vaults:3: gammafunk_ghost_smash, nicolae_vaults_closet_pinwheel_6,
          vaults_dpeg_ring, nicolae_vaults_tetromino_Z_2, vaults_room_corners,
          nicolae_vaults_weapon_check, v_misc_30, v_alt_pattern_5,
          nicolae_vaults_tetromino_L_2, hangedman_vaults_cutoff,
          nicolae_vaults_little_squares_1, layout_vaults_ring
Vaults:4: mu_enter_wizlab_3, nicolae_vaults_steering_wheel,
          nicolae_vaults_double_plus_1, vaults_standard_mumra_enter_the_diamond,
          v_alt_pattern_2, hangedman_vaults_cutoff, nicolae_vaults_heist,
          hangedman_vaults_capsules, dpeg_vaults_pockets_of_resistance,
          nicolae_vaults_storage_room_glass, ontoclasm_vaults_shuriken,
          nicolae_vaults_house_3, layout_vaults_omnibox, uniq_xtahua, uniq_mara
Vaults:5: serial_shops
Depths:1: layout_honeycomb, grunt_hell_entry_dis_old, bh_walls_and_bars,
          serial_co_window_serial, co_window_paths_a, co_window_cross_1,
          co_window_corner_a, co_window_paths_b, co_window_corner_a,
          co_window_paths_c, co_window_paths_c, co_window_unsneaky_path_a,
          co_window_paths_e, co_window_4corner_b, glass_columns_b,
          glass_columns_c, glass_columns_a, fedhas_altar_1, serial_bayou_shore_b
Depths:2: minmay_the_grid_four_pointed_star
          [minmay_the_grid_triangle_9x9_flanged_cone,
          minmay_the_grid_triangle_9x9_checkered,
          minmay_the_grid_triangle_9x9_intruding_spiral,
          minmay_the_grid_triangle_9x9_steps, minmay_the_grid_prize_trominoes],
          layout_honeycomb, pan_entry, pf_coc_iceberg, gammafunk_ghost_cemetery
Depths:3: gammafunk_dig_for_victory, layout_basic, ziggurat_fallback,
          muffindrake_ghost_dual_entry, abyss_entry, rand_demon_pan_entry_8,
          hell_entry, uniq_jory
Depths:4: evilmike_zot_entry_basic, layout_cave_shapes, abyss_entry_crystal,
          minmay_fountain_box, nicolae_hell_entry_hellmouth_sunbeams, drop_trap,
          chequers_serial_rivers_room_a, nicolae_sif_muna_condensation
Zot:1:    kennysheep_spiral_hall, layout_basic
Zot:2:    layout_cathedral_of_symmetry, hangedman_player_shredder
Zot:3:    layout_cathedral_of_symmetry, gammafunk_ghost_split,
          grunt_megastairs_2, uniq_grunn
Zot:4:    layout_concentric_octagons, zot_minivault_1, grunt_megastairs_5
Zot:5:    layout_gridlike

Skill      XL: |  1  2  3  4  5  6  7  8  9 10 11 12 13 14 15 16 17 18 19 20 21 22 23 24 25 26 27 |
---------------+----------------------------------------------------------------------------------+-----
Short Blades   | 2 3 4 6 8 10 12 14 16 18 | 18.0
Fighting       | 2 4 6 9 10 12 15 17 | 17.0
Evocations     | 4 6 8 10 | 10.0
Stealth        | 4 9 10 14 16 20 | 20.0
Dodging        | 6 11 12 15 17 20 22 25 26 | 26.1
Invocations    | 9 10 | 10.0
Armour         | 6 7 12 15 16 19 20 25 | 25.0
Shields        | 8 13 17 | 17.7
Earth Magic    | 10 | 10.0

Action                     |  1- 3 |  4- 6 |  7- 9 | 10-12 | 13-15 | 16-18 | 19-21 | 22-24 | 25-27 || total
---------------------------+-------+-------+-------+-------+-------+-------+-------+-------+-------++-------
  Melee: Dagger            |    44 |       |       |   133 |    58 |       |       |       |       ||   235
         Club              |     8 |       |       |       |       |       |       |       |       ||     8
         Short sword       |    97 |   243 |   355 |   376 |       |       |       |       |       ||  1071
         Punch             |       |     8 |    10 |    11 |    18 |    21 |    22 |    31 |     6 ||   127
         Rapier            |       |       |       |   169 |  1024 |  1337 |  1093 |  1270 |  2094 ||  6987
  Throw: Dart              |       |       |       |     1 |       |       |       |       |     1 ||     2
         Boomerang         |       |       |       |       |       |       |       |     3 |     9 ||    12
 Invoke: Ancestor Life: He |       |       |     1 |       |       |       |       |       |       ||     1
         Recall Ancestor   |       |       |       |     3 |     4 |     6 |     3 |     6 |    15 ||    37
         Ancestor Identity |       |       |       |     1 |       |       |       |       |       ||     1
         Transference      |       |       |       |       |     2 |       |       |       |       ||     2
         Idealise          |       |       |       |       |     2 |    17 |    12 |    13 |    20 ||    64
Ability: Evoke Invisibilit |       |       |       |       |       |       |       |       |     1 ||     1
  Evoke: Wand              |     2 |    23 |     8 |    22 |     9 |    16 |     9 |     7 |     9 ||   105
         Phial of floods   |       |       |       |       |       |     1 |     1 |     1 |       ||     3
         Box of beasts     |       |       |       |       |       |       |       |       |     1 ||     1
    Use: Scroll            |     4 |     5 |     2 |     7 |    15 |    14 |    13 |    15 |    11 ||    86
         Potion            |       |       |       |     1 |     4 |     9 |     3 |     9 |    28 ||    54
   Stab: Sleeping          |     9 |     5 |    15 |    21 |    31 |    33 |    22 |    37 |    36 ||   209
         Distracted        |     1 |       |     3 |    19 |    24 |    36 |    32 |    39 |    81 ||   235
         Confused          |       |       |     4 |    24 |    24 |    43 |   103 |    87 |   157 ||   442
         Betrayed ally     |       |       |       |     1 |     1 |     1 |       |       |       ||     3
         Invisible         |       |       |       |     4 |     2 |     5 |     5 |       |     4 ||    20
         Paralysed         |       |       |       |       |    25 |    79 |    77 |    41 |    78 ||   300
 Armour: Leather armour    |    24 |       |       |       |       |       |       |       |       ||    24
         Ring mail         |    35 |    97 |    93 |       |       |       |       |       |       ||   225
         Robe              |       |       |    27 |       |       |       |       |       |       ||    27
         Steam dragon scal |       |       |       |    27 |       |       |       |       |       ||    27
         Scale mail        |       |       |       |   256 |   474 |   173 |       |    83 |       ||   986
         Plate armour      |       |       |       |       |       |   551 |   513 |   479 |   530 ||  2073
  Dodge: Dodged            |   102 |   125 |   157 |   425 |   813 |  1393 |   693 |   902 |  1249 ||  5859
  Block: Kite shield       |       |       |       |       |       |       |       |       |  1123 ||  1123
         Reflection        |       |       |       |       |       |       |       |       |    20 ||    20

Table legend: (Time is in decaauts)
 A = Elapsed time spent in this place.
 B = Non-inter-level travel time spent in this place.
 C = Inter-level travel time spent in this place.
 D = Time resting spent in this place.
 E = Time spent auto-exploring this place.
 F = Levels seen in this place.
 G = Mean time per level.
                   A        B        C        D        E       F      G
               +--------+--------+--------+--------+--------+-----+--------+
         Total |  88776 |  81470 |   7306 |   5041 |  56075 |  65 | 1365.8 |
       Dungeon |  26383 |  22627 |   3756 |   1771 |  16024 |  15 | 1758.9 |
        Temple |     20 |     12 |      8 |      0 |      0 |   1 |   20.0 |
          Lair |   8273 |   7531 |    742 |     79 |   6020 |   5 | 1654.6 |
        Shoals |   6052 |   5910 |    142 |    218 |   4629 |   4 | 1513.0 |
   Spider Nest |   6923 |   6677 |    246 |    592 |   4710 |   4 | 1730.8 |
    Slime Pits |    562 |    562 |      0 |     60 |      0 |   5 |  112.4 |
  Orcish Mines |   2446 |   2126 |    320 |     35 |   1637 |   2 | 1223.0 |
   Elven Halls |   5189 |   4799 |    390 |    291 |   3188 |   3 | 1729.7 |
        Vaults |  10984 |  10343 |    641 |     93 |   7618 |   5 | 2196.8 |
        Depths |   6169 |   5394 |    775 |    113 |   4307 |   4 | 1542.2 |
           Zot |   8219 |   7938 |    281 |    456 |   5888 |   5 | 1643.8 |
         Abyss |   1560 |   1560 |      0 |     77 |    123 |   7 |  222.9 |
         Trove |     43 |     43 |      0 |      0 |      0 |   1 |   43.0 |
        Bailey |   1105 |   1105 |      0 |    266 |    269 |   1 | 1105.0 |
      Ice Cave |   2037 |   2037 |      0 |    523 |   1084 |   1 | 2037.0 |
        Wizlab |   1026 |   1026 |      0 |    222 |    438 |   1 | 1026.0 |
      Gauntlet |   1777 |   1777 |      0 |    244 |    138 |   1 | 1777.0 |
               +--------+--------+--------+--------+--------+-----+--------+

Top non-repeatable levels by time:
Vaults:2: 3174 daAuts
  Lair:5: 2733 daAuts
Spider:4: 2692 daAuts
    D:10: 2418 daAuts
Vaults:1: 2283 daAuts
     D:4: 2265 daAuts
    D:14: 2177 daAuts
     D:9: 2163 daAuts
Depths:1: 2152 daAuts
Vaults:4: 2079 daAuts
Vaults:3: 2042 daAuts
   IceCv: 2037 daAuts
     D:7: 2010 daAuts
    D:11: 1976 daAuts
   Zot:2: 1960 daAuts
